 Dungeon Crawl Stone Soup version 0.29-a0-330-g52719c12eb (webtiles) character file.

Game seed: 2596962604119923516

854 tilp the Chiller (level 7, 34/34 HPs)
             Began as a Felid Ice Elementalist on Apr 19, 2022.
             Was a Follower of Vehumet.
             Quit the game on level 9 of the Dungeon.
             The game lasted 00:23:28 (14021 turns).

tilp the Chiller (Felid Ice Elementalist)          Turns: 14021, Time: 00:23:29

Health: 34/34      AC:  2    Str:  4    XL:     7   Next: 70%
Magic:  15/15      EV: 18    Int: 21    God:    Vehumet [*.....]
Gold:   372        SH:  0    Dex: 16    Spells: 1/15 levels left
                                        Lives:  0   Deaths: 2

rFire   . . .      SeeInvis +     - Unarmed
rCold   . . .      Faith    +   (shield unavailable)
rNeg    . . .      Spirit   .   (body armour unavailable)
rPois   .          Reflect  .   (helmet unavailable)
rElec   .          Harm     .   (cloak unavailable)
rCorr   .          Rampage  .   (gloves unavailable)
Will    +....                   (boots unavailable)
Stlth   +++.......              e - amulet of faith
HPRegen 0.11/turn               (no ring)
MPRegen 0.14/turn               (no ring)

@: quick
A: very small, claws 1, fangs 3, see invisible, speed 1, shaggy fur 2, stealthy
paws, no weapons or thrown items, no armour, multi-lived
a: Renounce Religion


You were on level 9 of the Dungeon.
You worshipped Vehumet.
Vehumet was aware of your devotion.
You visited 2 branches of the dungeon, and saw 10 of its levels.

You collected 372 gold pieces.

Inventory:

Jewellery
 e - an amulet of faith (around neck)
Wands
 p - a wand of charming (8)
 r - a wand of flame (7)
Scrolls
 g - 2 scrolls of immolation
 j - a scroll of magic mapping
 k - 2 scrolls of teleportation
 m - a scroll of fear
 n - a scroll of fog
Potions
 a - a potion of magic
 b - 3 potions of brilliance
 c - a potion of lignification
 d - 3 potions of curing
 f - 3 potions of flight
 h - a potion of berserk rage {unknown}
 i - a potion of heal wounds
 l - 2 potions of might
 o - a potion of mutation {unknown}


   Skills:
 + Level 5.9 Fighting
 - Level 4.0 Dodging
 - Level 6.0 Stealth
 - Level 2.0 Unarmed Combat
 + Level 4.8 Spellcasting
 * Level 5.4 Conjurations
 + Level 7.1 Ice Magic
 - Level 2.0 Earth Magic
 - Level 4.0 Evocations


You had one spell level left.
You knew the following spells:

 Your Spells              Type           Power      Damage    Failure   Level
a - Freeze                Ice            100%       1d11      1%          1
b - Frozen Ramparts       Ice            70%        1d9       1%          3
c - Ozocubu's Armour      Ice            35%        N/A       1%          3
d - Hailstorm             Conj/Ice       31%        3d8       9%          4
e - Stone Arrow           Conj/Erth      40%        3d9       7%          3

Your spell library contained the following spells:

 Spells                   Type           Power      Damage    Failure   Level
 Magic Dart               Conj           100%       1d8       1%          1
 Sandblast                Erth           26%        2d8       4%          1
 Passwall                 Tmut/Erth      7%         N/A       11%         2
 Call Canine Familiar     Summ           5%         N/A       32%         3
 Leda's Liquefaction      Hex/Erth       4%         N/A       58%         4
 Portal Projectile        Hex/Tloc       Unusable   N/A       N/A         3

Dungeon Overview and Level Annotations

Branches:
Dungeon (9/15)             Temple (1/1) D:6
   Lair: D:8-11         Orc: D:9-12

Altars:
Ashenzari
Cheibriados
Dithmenos
Elyvilon
Fedhas
Hepliaklqana
Kikubaaqudgha
Makhleb
Nemelex Xobeh
Okawaru
Qazlal
Sif Muna
Trog
Uskayaw
Vehumet
Wu Jian
Xom
Yredelemnul
The Shining One

Annotations:
D:7 boulder beetle!, Duvessa
D:8 Joseph
D:9 exclusion: hydra


Innate Abilities, Weirdness & Mutations

You have sharp claws.
You have razor-sharp teeth.
You have supernaturally acute eyesight. (SInv)
You cover ground quickly. (Speed+)
You are covered in thick fur. (AC +2)
Your paws help you pounce on unaware monsters.
You are incapable of wielding weapons or throwing items.
You cannot wear armour.
You gain extra lives every three experience levels.


Message History

* * * LOW HITPOINT WARNING * * *
The manticore misses you. The manticore closely misses you.
The orc warrior misses you.
Unknown command.
Unknown command.
Casting: Stone Arrow (dangerous; 7% risk of failure)
Confirm with . or Enter, or press ? or * to list all spells.
Aiming: Stone Arrow (dangerous; 7% risk of failure)
Press: ? - help, Shift-Dir - straight line, f/p - manticore
Aim: a manticore (severely wounded, 83% to hit)
The stone arrow hits the manticore.
The manticore is severely wounded.
The manticore bites you but does no damage.
The manticore misses you. x2
The orc warrior hits you with a +0 flail!
You die...
You are now level 8!
You rejoin the land of the living...
Unknown command.
Unknown command.
Unknown command.
The manticore flicks its tail.
The volley of spikes hits you!!
The barbed spikes become lodged in your body.
Ouch! That really hurt!
There is an escape hatch in the ceiling, spattered with blood here.
The barbs in your skin will harm you if you move.
Continue?
Okay, then.
The barbs in your skin will harm you if you move.
Continue?
The manticore flicks its tail.
The volley of spikes hits you!!
The barbed spikes become lodged in your body.
Ouch! That really hurt!
You stop ascending the stairs.
You die...
You are now level 7!
You rejoin the land of the living...
Unknown command.
Unknown command.
Are you sure you want to abandon this character and quit the game? (Confirm with "yes".)

......|.....H...........
........................
........................
.......<..##.##.........
.....#
#########.####.##.........
.....# ........#.#
#..#......... .....#
........#.# ##.#.........
#....# ........#.#
###......## #....#
........#@## #......#
#....#########'#..#
#.....>#
#.................#
#......#
#.................#
#......#
#......####.......#
#......# #.######
#.......# #........ #.#
#.......# #........ ..#
#.......# #........ ..#
#.......+ #........


There were no monsters in sight!

Vanquished Creatures
  A troll (D:8)
  Sigmund (D:5)
  A steam dragon (D:7)
  A golden eye (D:6)
  Menkaure (D:5)
  Edmund (D:4)
  2 water moccasins
  2 black bears
  2 orc warriors (D:8)
  A sky beast (D:6)
  2 ogres
  A centaur (D:8)
  2 phantoms
  A bullfrog (D:8)
  A gnoll sergeant (D:8)
  3 necrophages
  Dowan (D:7)
  A killer bee (D:6)
  6 howler monkeys
  A crimson imp (D:6)
  4 orc priests
  A hound (D:5)
  Crazy Yiuf (D:4)
  3 iguanas
  4 orc wizards (D:8)
  Robin (D:2)
  4 gnolls (D:8)
  8 adders
  A shadow imp (D:5)
  4 white imps
  The ghost of surr the Sneak, a weakling HODe (D:4)
  A dart slug (D:1)
  21 orcs
  12 endoplasms
  3 giant cockroaches
  10 goblins
  8 hobgoblins
  6 kobolds
  A quokka (D:1)
  A ball python (D:4)
  3 bats
  5 frilled lizards
  2 rats
137 creatures vanquished.

Vanquished Creatures (collateral kills)
  A water moccasin (D:7)
  2 orcs (D:8)
3 creatures vanquished.

Vanquished Creatures (others)
  3 plants (D:6)
3 creatures vanquished.

Grand Total: 143 creatures vanquished

Notes
Turn   | Place    | Note
-------+----------+-------------------------------------------
     0 | D:1      | tilp the Felid Ice Elementalist began the quest for the
                  | Orb.
     0 | D:1      | Reached XP level 1. HP: 7/7 MP: 4/4
   562 | D:1      | Reached XP level 2. HP: 10/12 MP: 3/6
  1004 | D:1      | Reached skill level 4 in Ice Magic
  1109 | D:1      | Reached skill level 1 in Fighting
  1462 | D:1      | Reached XP level 3. HP: 15/15 MP: 5/7
  1471 | D:1      | Learned a level 3 spell: Frozen Ramparts
  1560 | D:2      | Noticed Robin
  1798 | D:2      | Killed Robin
  1939 | D:2      | You fall into a shaft and drop 1 floor!
  2061 | D:3      | Learned a level 3 spell: Ozocubu's Armour
  2101 | D:3      | Identified the +6 great sword "Qiestoec" {vorpal, rN+}
  2125 | D:3      | Found an ornate altar of the Wu Jian Council.
  2680 | D:2      | Reached XP level 4. HP: 19/19 MP: 0/8
  3500 | D:3      | Found a faded altar of an unknown god.
  3608 | D:3      | Found a faded altar of an unknown god.
  3613 | D:3      | Found a burning altar of Makhleb.
  3938 | D:4      | Found a runed translucent door.
  3981 | D:4      | Noticed surr's ghost (weakling HODe)
  4248 | D:4      | Found a runed translucent door.
  4249 | D:4      | Noticed Crazy Yiuf
  4294 | D:4      | Noticed Edmund
  4294 | D:4      | Noticed an ogre
  4608 | D:4      | Reached XP level 5. HP: 22/22 MP: 3/10
  4994 | D:5      | Entered Level 5 of the Dungeon
  5164 | D:4      | Killed an ogre
  5165 | D:4      | Reached skill level 5 in Ice Magic
  5366 | D:5      | Noticed Sigmund
  5381 | D:5      | Killed Sigmund
  5382 | D:5      | Reached skill level 6 in Ice Magic
  5382 | D:5      | Gained mutation: You are covered in thick fur. (AC +2)
                  | [Felid growth]
  5382 | D:5      | Reached XP level 6. HP: 14/27 MP: 5/11
  5610 | D:5      | Reached skill level 1 in Unarmed Combat
  5672 | D:5      | Noticed Menkaure
  5837 | D:5      | Reached XP level 7. HP: 9/31 MP: 3/12
  5842 | D:5      | Learned a level 4 spell: Hailstorm
  6114 | D:5      | Found a hazy altar of Hepliaklqana.
  6971 | D:5      | Found a hide-covered altar of Uskayaw.
  6972 | D:5      | Found a stormy altar of Qazlal.
  6973 | D:5      | Found a white marble altar of Elyvilon.
  7489 | D:6      | Reached skill level 5 in Stealth
  7636 | D:6      | Found a staircase to the Ecumenical Temple.
  7655 | Temple   | Entered the Ecumenical Temple
  7715 | Temple   | Became a worshipper of Vehumet
  7765 | Temple   | Reached skill level 1 in Conjurations
  8130 | D:6      | Found a bloodstained altar of Trog.
  8171 | D:6      | Found a broken altar of Ashenzari.
  8181 | D:6      | Reached XP level 8. HP: 36/36 MP: 4/13
  8609 | D:6      | Reached skill level 1 in Evocations
  9193 | D:7      | Learned a level 3 spell: Stone Arrow
  9652 | D:7      | Reached skill level 5 in Fighting
  9792 | D:7      | Reached skill level 1 in Earth Magic
 10039 | D:7      | Reached XP level 9. HP: 40/40 MP: 6/16
 10110 | D:7      | Noticed a boulder beetle
 10111 | D:7      | Noticed Duvessa
 10114 | D:7      | Noticed Dowan
 10125 | D:7      | Killed Dowan
 10132 | D:7      | HP: 1/40 [Duvessa/+0 rapier (10)]
 10532 | D:4      | Killed Crazy Yiuf
 10905 | D:4      | Killed Edmund
 11418 | D:4      | Killed surr's ghost
 11691 | D:5      | Killed Menkaure
 12041 | D:8      | Noticed a troll
 12047 | D:8      | Killed a troll
 12195 | D:8      | Reached * piety under Vehumet
 12195 | D:8      | Offered knowledge of Magic Dart by Vehumet.
 12227 | D:8      | Reached skill level 7 in Ice Magic
 12641 | D:8      | Reached skill level 5 in Conjurations
 12843 | D:8      | Noticed Joseph
 13874 | D:9      | Noticed an eight-headed hydra
 13994 | D:9      | Found an iron altar of Okawaru.
 13996 | D:9      | Noticed a manticore
 14005 | D:9      | Slain by an orc warrior
 14006 | D:9      | Reached XP level 8. HP: -1/38 MP: 0/16
 14020 | D:9      | Killed from afar by a manticore
 14021 | D:9      | Reached XP level 7. HP: -1/34 MP: 15/15
 14021 | D:9      | Quit the game

Illustrated notes

Levels and vault maps discovered:
D:1:      minmay_arrival_five_plusses, layout_basic,
          wander_ebering_terrifying_dragon_lair
D:2:      layout_rooms, uniq_robin
D:3:      layout_loops_ring, overflow_temple_1_default,
          nicolae_overflow_ecumenical_swirl, shapermc_ecumenical_altar_gd
D:4:      layout_loops_ring, hellmonk_ghost_happy_afterlife, uniq_edmund,
          uniq_crazy_yiuf_cottage
D:5:      layout_basic, nicolae_hepliaklqana_hippocampus,
          gammafunk_temple_overflow_forgotten, uniq_menkaure, uniq_sigmund
D:6:      layout_loops_cross, mainiacjoe_overflow_small_starburst,
          lemuel_doored_altar, minmay_temple_entry_arrows, wad_floor_pattern_1,
          serial_bayou_lake_a
D:7:      layout_rooms, uniq_duvessa
D:8:      layout_rooms, dreamdust_princess_bridge, uniq_joseph
D:9:      layout_irregular_city, nicolae_ru_the_path_less_chosen,
          okawaru_ov_weapons_minmay, serial_bayou, serial_bayou_ford_a,
          serial_bayou_shore_a, serial_bayou_pond_c, serial_bayou_pond_c,
          chequers_serial_rivers_large_b
Temple:   zaba_magenta_temple

Skill      XL: |  1  2  3  4  5  6  7  8  9 |
---------------+----------------------------+-----
Ice Magic      | 4 6 7 |  7.1
Fighting       | 1 2 3 4 5 |  5.9
Spellcasting   | 3 4 |  4.8
Dodging        | 3 4 |  4.0
Stealth        | 3 6 |  6.0
Unarmed Combat | 1 2 |  2.0
Conjurations   | 1 4 5 |  5.4
Evocations     | 2 4 |  4.0
Earth Magic    | 1 2 |  2.0

Action                   |  1- 3 |  4- 6 |  7- 9 || total
-------------------------+-------+-------+-------++-------
Melee: Unarmed           |    20 |    46 |   114 ||   180
       Bite              |     1 |     4 |    11 ||    16
       Punch             |       |     2 |     4 ||     6
 Cast: Freeze            |    45 |    22 |    46 ||   113
       Frozen Ramparts   |     6 |    11 |    36 ||    53
       Ozocubu's Armour  |     1 |     7 |    36 ||    44
       Stone Arrow       |       |       |    35 ||    35
       Hailstorm         |       |       |     1 ||     1
Evoke: Wand              |       |       |    14 ||    14
  Use: Scroll            |     1 |     9 |     9 ||    19
       Potion            |       |       |     4 ||     4
 Stab: Sleeping          |     8 |     3 |     9 ||    20
Armor: Skin              |     3 |    13 |    37 ||    53
Dodge: Dodged            |    33 |    46 |   126 ||   205

Table legend: (Time is in decaauts)
 A = Elapsed time spent in this place.
 B = Non-inter-level travel time spent in this place.
 C = Inter-level travel time spent in this place.
 D = Time resting spent in this place.
 E = Time spent auto-exploring this place.
 F = Levels seen in this place.
 G = Mean time per level.
                   A        B        C        D        E       F      G
               +--------+--------+--------+--------+--------+-----+--------+
         Total |  12729 |  12122 |    607 |   4853 |   5264 |  10 | 1272.9 |
       Dungeon |  12421 |  11828 |    593 |   4647 |   5224 |   9 | 1380.1 |
        Temple |    307 |    294 |     13 |    206 |     40 |   1 |  307.0 |
               +--------+--------+--------+--------+--------+-----+--------+

Top non-repeatable levels by time:
     D:5: 2165 daAuts
     D:4: 2007 daAuts
     D:6: 1842 daAuts
     D:8: 1688 daAuts
     D:1: 1481 daAuts
     D:3: 1233 daAuts
     D:7: 914 daAuts
     D:2: 893 daAuts
  Temple: 307 daAuts
     D:9: 196 daAuts
